 Dungeon Crawl Stone Soup version 0.29.1-15-g9cfb28693d (webtiles) character file.

Game seed: 9682556194474418212

3413 KittyFluff the Basher (level 10, -1/61 HPs)
             Began as a Gargoyle Berserker on Apr 16, 2023.
             Was an Elder of Trog.
             Killed by divine providence
             ... invoked by an orc priest
              (14 damage)
             ... on level 8 of the Dungeon.
             The game lasted 00:39:35 (7374 turns).

KittyFluff the Basher (Gargoyle Berserker)          Turns: 7374, Time: 00:39:36

Health: -1/61      AC: 26    Str: 29    XL:     10   Next: 4%
Magic:  0/10       EV: 13    Int:  8    God:    Trog [****..]
Gold:   292        SH:  0    Dex: 11    Spells: 9/9 levels left

rFire   . . .      SeeInvis .   L - +3 flail
rCold   . . .      Faith    .   (no shield)
rNeg    + . .      Spirit   +   u - +0 troll leather armour {Pargi}
rPois   ∞          Reflect  .   s - +2 hat
rElec   +          Harm     .   D - +2 cloak
rCorr   .          Rampage  .   J - +2 pair of gloves
Will    .....                   h - +0 pair of boots
Stlth   ++........              d - amulet of guardian spirit
HPRegen 1.00/turn               f - +6 ring of strength
MPRegen 0.12/turn               z - +4 ring of protection

@: no status effects
A: sickness immunity, AC +7, negative energy resistance 1, electricity
resistance, torment resistance 1, petrification resistance
a: Renounce Religion, Berserk, Trog's Hand, Brothers in Arms


You were on level 8 of the Dungeon.
You worshipped Trog.
Trog was greatly pleased with you.
You visited 1 branch of the dungeon, and saw 8 of its levels.

You collected 509 gold pieces.
You spent 217 gold pieces at shops.

Inventory:

Hand Weapons
 w - a +0 sling
 C - a +0 morningstar
 G - a +7 quarterstaff
 K - a +2 dire flail
 L - a +3 flail (weapon)
 M - a +5 mace of freezing
Missiles
 g - 50 stones (quivered)
 l - 28 poisoned darts
 q - 2 throwing nets
 y - 4 boomerangs
 A - a curare-tipped dart
Armour
 h - a +0 pair of boots (worn)
 s - a +2 hat (worn)
 u - a +0 troll leather armour (worn) {Pargi}
 D - a +2 cloak (worn)
 I - the +0 leather armour of the Shouting Gods {Will+}
   (You bought it in a shop on level 8 of the Dungeon)

   Will:      It increases your willpower.
 J - a +2 pair of gloves (worn)
Jewellery
 d - an amulet of guardian spirit (around neck)
 f - a +6 ring of strength (left hand)
 m - a ring of ice
 z - a +4 ring of protection (right hand)
 H - a ring of ice
Wands
 x - a wand of iceblast (31)
 E - a wand of mindburst (21)
Scrolls
 c - 7 scrolls of teleportation
 p - 4 scrolls of poison
 r - 2 scrolls of blinking
 t - a scroll of identify
 v - 2 scrolls of enchant armour
 F - a scroll of vulnerability
 N - a scroll of summoning
Potions
 b - a potion of cancellation
 e - 6 potions of curing
 i - a potion of haste
 j - 4 potions of heal wounds
 k - 2 potions of resistance
 n - a potion of might
 o - 3 potions of lignification
 B - a potion of invisibility


   Skills:
 + Level 6.4 Fighting
 + Level 8.8(9.4) Maces & Flails
 + Level 5.0(7.5) Staves
 * Level 7.1 Armour
 + Level 4.8 Dodging
 + Level 2.3 Stealth


You had 9 spell levels left.
You didn't know any spells.
Your spell library was empty.

Dungeon Overview and Level Annotations

Branches:
Dungeon (8/15)             Temple (0/1) D:4
   Lair: D:8-11

Altars:
Hepliaklqana
Trog
Yredelemnul

Shops:
D:8 [


Innate Abilities, Weirdness & Mutations

You are immune to sickness and miasma.
Your stone body is resilient. (AC +7)
You are immune to poison.
You resist negative energy. (rN+)
You are resistant to electric shocks. (rElec)
You are resistant to unholy torment.
You are immune to petrification.


Message History

The orc priest shouts!
Things that are here:
a +0 war axe; an orc corpse You see here a +0 trident.
An orc priest comes into view. It is wielding a +0 hand axe.
The orc priest looks encouraged for a moment.
You see here a +0 trident.
The orc priest looks braver for a moment.
Items here: )) [ †††.
An orc priest comes into view. It is wielding a +0 war axe.
The orc priest mumbles some strange prayers to Beogh against you.
Beogh smites you!
The orc priest shouts!
The orc priest mumbles some strange prayers to Beogh against you.
Beogh smites you!
The orc priest calls down the wrath of Beogh upon you.
Beogh smites you!
The orc priest casts a cantrip, but nothing happens.
The orc priest closely misses you.
Items here: )) [ †††.
You barely miss the orc priest. The orc priest misses you.
You closely miss the orc priest.
The orc priest invokes the aid of Beogh against you.
Beogh smites you!
The orc priest hits you but does no damage.
The orc priest hits you with a +0 flail.
The orc priest attacks as you move away!
The orc priest misses you.
The orc priest looks encouraged for a moment.
You hit the orc priest.
The orc priest is lightly wounded.
The orc priest mumbles some strange prayers to Beogh against you.
Beogh smites you!
* * * LOW HITPOINT WARNING * * *
The orc priest looks satisfied for a moment.
You barely miss the orc priest.
The orc priest is lightly wounded.
The orc priest calls down the wrath of Beogh upon you.
Beogh smites you!
You die...

#.........####
#............#
#............#
#............#
#............#
#............#
#######.....)##########
###########o...........###
.........@oo...........+..
##############...^.....###
#.........# #.........###
########..... ######.....
.....'..... ######.....
#.....


You could see 3 orc priests.

Vanquished Creatures
  A hydra (D:8)
  A steam dragon (D:8)
  Pargi (D:3)
  3 orc warriors
  An ice beast (D:6)
  2 black bears
  2 centaurs
  A phantom (D:4)
  Blork the orc (D:6)
  2 kobold brigands
  5 scorpions
  12 wights (D:7)
  4 howler monkeys (D:8)
  An electric eel (D:6)
  A hound (D:4)
  A jelly (D:6)
  3 iguanas
  Ijyb (D:4)
  4 orc wizards
  6 gnolls
  7 adders
  A shadow imp (D:5)
  3 white imps
  6 ufetubi
  2 worms
  11 dart slugs
  17 orcs
  9 ball pythons
  3 endoplasms
  3 giant cockroaches
  18 goblins
  5 hobgoblins
  3 jackals (D:4)
  11 kobolds
  2 quokkas (D:1)
  5 bats
  5 frilled lizards
  5 rats
169 creatures vanquished.

Vanquished Creatures (others)
  An orc (D:8)
1 creature vanquished.

Grand Total: 170 creatures vanquished

Notes
Turn   | Place    | Note
-------+----------+-------------------------------------------
     0 | D:1      | KittyFluff the Gargoyle Berserker began the quest for the
                  | Orb.
     0 | D:1      | Reached XP level 1. HP: 14/14 MP: 1/1
   104 | D:1      | Reached XP level 2. HP: 11/19 MP: 2/2
   334 | D:1      | Found a faded altar of an unknown god.
   624 | D:1      | Reached XP level 3. HP: 16/24 MP: 3/3
   694 | D:1      | Reached ** piety under Trog
  1087 | D:2      | Reached XP level 4. HP: 17/29 MP: 4/4
  1757 | D:2      | You fall into a shaft and drop 2 floors!
  2434 | D:3      | Reached XP level 5. HP: 33/33 MP: 5/5
  2573 | D:3      | Noticed Pargi
  2593 | D:3      | Killed Pargi
  2594 | D:3      | Reached skill level 4 in Maces & Flails
  3359 | D:4      | Reached XP level 6. HP: 39/39 MP: 6/6
  3395 | D:4      | Reached skill level 1 in Stealth
  3533 | D:4      | Found a staircase to the Ecumenical Temple.
  3935 | D:4      | Reached *** piety under Trog
  3949 | D:4      | Noticed Ijyb
  3967 | D:4      | Killed Ijyb
  4173 | D:5      | Entered Level 5 of the Dungeon
  4362 | D:5      | Reached skill level 5 in Maces & Flails
  4502 | D:5      | Reached XP level 7. HP: 44/44 MP: 7/7
  4517 | D:5      | Found a bloodstained altar of Trog.
  5246 | D:6      | Reached skill level 6 in Maces & Flails
  5272 | D:6      | Reached skill level 5 in Fighting
  5284 | D:6      | Reached XP level 8. HP: 44/49 MP: 6/8
  5440 | D:6      | Reached skill level 5 in Armour
  5859 | D:6      | Noticed Blork the orc
  5861 | D:6      | Found a faded altar of an unknown god.
  5861 | D:6      | Found a hazy altar of Hepliaklqana.
  5872 | D:6      | Killed Blork the orc
  5873 | D:6      | Reached skill level 7 in Maces & Flails
  6056 | D:7      | Reached **** piety under Trog
  6073 | D:7      | Found a basalt altar of Yredelemnul.
  6273 | D:7      | Reached skill level 1 in Staves
  6340 | D:7      | Reached XP level 9. HP: 55/55 MP: 9/9
  7139 | D:8      | Found Hicsuh's Antique Armour Boutique.
  7147 | D:8      | Bought a jacinth-encrusted leather armour for 217 gold
                  | pieces
  7147 | D:8      | Identified the +0 leather armour of the Shouting Gods
                  | {Will+} (You bought it in a shop on level 8 of the Dungeon)
  7181 | D:8      | Noticed an eight-headed hydra
  7193 | D:8      | Killed an eight-headed hydra
  7194 | D:8      | Reached skill level 8 in Maces & Flails
  7194 | D:8      | Reached skill level 5 in Staves
  7305 | D:8      | Reached XP level 10. HP: 45/61 MP: 7/10
  7374 | D:8      | Killed from afar by an orc priest

Illustrated notes

Levels and vault maps discovered:
D:1:      minmay_arrival_checkered_box, layout_basic, basic_ecumenical_altar
D:2:      layout_loops_ring
D:3:      layout_basic, kennysheep_potato, uniq_pargi
D:4:      kennysheep_goblin_castle, layout_loops_ring,
          minmay_temple_entry_nine_rooms, minmay_fountain_box,
          amcnicky_mini_rare_corridor_liquid, dreamdust_mushroom_princess
D:5:      nicolae_cairo_tiling_large, layout_loops_cross, general_overflow_altar
D:6:      kennysheep_slugbush, layout_rooms, beargit_hepliaklqana_dungeon_heroes
D:7:      layout_basic, lemuel_coloured_pillars_altar, serial_corexii_hall,
          chequers_hall_statues_corner_a, chequers_hall_statues_y,
          chequers_hall_statues_wall_a, minmay_fractal_squares_gapless_5
D:8:      layout_basic, mainiacjoe_overflow_paths, kennysheep_mini,
          serial_shops, shop

Skill      XL: |  1  2  3  4  5  6  7  8  9 |
---------------+----------------------------+-----
Fighting       | 4 5 6 |  6.4
Dodging        | 2 3 4 |  4.8
Armour         | 3 4 6 7 |  7.1
Maces & Flails | 4 5 6 7 8 |  8.8
Stealth        | 1 2 |  2.3
Staves         | 2 5 |  5.0

Action                   |  1- 3 |  4- 6 |  7- 9 | 10-12 || total
-------------------------+-------+-------+-------+-------++-------
Melee: Mace              |   103 |   182 |   238 |       ||   523
       Punch             |     2 |     4 |     2 |       ||     8
       Quarterstaff      |       |       |    72 |       ||    72
       Flail             |       |       |    83 |    20 ||   103
Throw: Stone             |       |       |     2 |       ||     2
Invok: Berserk           |       |     1 |     1 |       ||     2
  Use: Scroll            |       |    13 |     6 |       ||    19
       Potion            |       |       |     1 |       ||     1
 Stab: Distracted        |       |     2 |       |       ||     2
       Sleeping          |       |       |     1 |       ||     1
Armor: Animal skin       |    62 |    15 |       |       ||    77
       Leather armour    |       |    27 |       |       ||    27
       Troll leather arm |       |    41 |   259 |     9 ||   309
Dodge: Dodged            |   100 |   126 |   271 |    19 ||   516
